AoeStats
← ZL1_K3V1N

Enclosed

503956737Analyzed
3v3 RM · 27d ago on Sep 3, 2026· 53m 54s· 6 players
Game mode
Random Map
Map size
Normal (6 player)
Population
200
Speed
Normal
Resources
Standard
Victory
Conquest
Starting age
Dark Age
Ending age
Imperial Age
RankedLock teamsTeams togetherTeam positionsShared explorationLock speedFull tech treeHidden civsTurbo modeCheats
Victory
Defeat
🇺🇸 Franks · United States
788
+12
🇺🇸 Portuguese · United States
668
+18
🇲🇽 Bohemians · Mexico
667
+18
🇦🇷 Vietnamese · Argentina
793
-20
🇵🇪 Cumans · Peru
778
-19
🇨🇦 Celts · Canada
536
-9
Walkdog38
0:27 Loom
12:49 Feudal Age
14:25 Horse Collar
14:52 Double-Bit Axe
22:05 Gold Mining
22:06 Stone Mining
24:22 Castle Age
24:45 Wheelbarrow
26:51 Hand Cart
26:51 Bow Saw
27:14 Circumnavigation
33:15 Stone Shaft Mining
32:36 Town Watch
33:17 Town Patrol
39:00 Imperial Age
42:19 Two-Man Saw
42:02 Elite Organ Gun
42:35 Treadmill Crane
45:23 Chemistry
44:15 Heated Shot
45:27 Ballistics
46:53 Murder Holes
50:21 Fletching
50:42 Forging
50:33 Scale Mail Armor
50:33 Padded Archer Armor
50:39 Scale Barding Armor
51:36 Arquebus
51:06 Sappers
51:58 Conscription
52:41 Bombard Tower
52:31 Fortified Wall
52:32 Masonry
52:29 Siege Engineers
52:14 Guard Tower
52:29 Heavy Plow
53:00 Guilds
53:20 Coinage
52:52 Caravan
Old&Slow
7:22 Loom
8:43 Loom
11:47 Feudal Age
17:29 Castle Age
16:27 Gold Mining
16:27 Double-Bit Axe
19:13 Scale Barding Armor
20:01 Bow Saw
21:14 Forging
22:53 Iron Casting
23:19 Husbandry
27:21 Gold Shaft Mining
29:11 Chain Barding Armor
35:20 Fletching
38:54 Elite Skirmisher
39:39 Padded Archer Armor
39:34 Bodkin Arrow
42:51 Imperial Age
40:09 Town Watch
40:59 Wheelbarrow
43:57 Conscription
45:46 Plate Barding Armor
46:12 Blast Furnace
44:42 Cavalier
48:46 Paladin
49:47 Leather Archer Armor
49:32 Scale Mail Armor
52:37 Chivalry
Eärendil
8:32 Loom
11:02 Feudal Age
11:31 Double-Bit Axe
14:44 Horse Collar
19:43 Castle Age
18:19 Wheelbarrow
18:21 Fletching
20:47 Bodkin Arrow
20:53 Padded Archer Armor
26:56 Leather Archer Armor
31:28 Elite Skirmisher
32:53 Hand Cart
33:20 Town Watch
35:57 Chemistry
35:18 Ballistics
34:55 Murder Holes
36:05 Chemistry
35:28 Ballistics
36:29 Heavy Plow
38:23 Treadmill Crane
38:53 Masonry
39:06 Town Patrol
41:01 Wagenburg Tactics
41:38 Bow Saw
46:51 Imperial Age
48:32 Bracer
49:03 Ring Archer Armor
49:17 Houfnice
Mr. Brown
17:25 Feudal Age
18:24 Horse Collar
18:35 Double-Bit Axe
18:37 Man-at-Arms
20:46 Gold Mining
25:04 Scale Mail Armor
26:13 Stone Mining
31:00 Forging
31:20 Arson
36:33 Castle Age
38:26 Elite Skirmisher
38:56 Long Swordsman
39:21 Gambesons
41:18 Heavy Plow
44:03 Stone Shaft Mining
43:01 Crossbowman
46:31 Imperial Age
43:47 Loom
50:05 Elite Woad Raider
ZL1_K3V1N
0:29 Loom
10:22 Feudal Age
11:02 Man-at-Arms
13:45 Wheelbarrow
13:29 Gold Mining
16:45 Arson
22:00 Castle Age
22:34 Long Swordsman
38:48 Imperial Age
36:36 Hand Cart
37:20 Double-Bit Axe
39:16 Bow Saw
war_xtreme
1:09 Loom
15:41 Feudal Age
16:49 Man-at-Arms
17:15 Arson
17:29 Double-Bit Axe
21:25 Scale Mail Armor
24:31 Padded Archer Armor
24:23 Fletching
Connection lost

Rejoining the realm…

Still unreachable

The connection could not be restored.

Session expired

The server has moved on; the page needs a fresh start.